 Dungeon Crawl Stone Soup version 0.31-a0-237-g2d982f9 (webtiles) character file.

Game seed: 4865455202167927008

44 Dawnplanks the Gusty (level 3, -4/19 HPs)
             Began as a Tengu Air Elementalist on July 11, 2023.
             Slain by Terence
             ... wielding a +0 hand axe
              (7 damage)
             ... on level 2 of the Dungeon.
             The game lasted 00:02:00 (1421 turns).

Dawnplanks the Gusty (Tengu Air Elementalist)       Turns: 1421, Time: 00:02:00

Health: -4/19      AC:  2    Str:  8    XL:     3   Next: 62%
Magic:  1/7        EV: 12    Int: 17    God:
Gold:   68         SH:  0    Dex: 14    Spells: 3/6 levels left

rFire   . . .        e - +0 dagger
rCold   . . .        (no shield)
rNeg    . . .        a - +0 robe
rPois   .            (helmet restricted)
rElec   .            (no cloak)
rCorr   .            (no gloves)
SInv    .            (boots unavailable)
Will    .....        (no amulet)
Stlth   ++           (no ring)
HPRegen 0.23/turn    (no ring)
MPRegen 0.10/turn

%: no passive effects
@: no status effects
A: beak, talons 3
a: no special abilities


You were on level 2 of the Dungeon.
You visited 1 branch of the dungeon, and saw 2 of its levels.

You collected 68 gold pieces.

Inventory:

Hand Weapons
 e - a +0 dagger (weapon)
Armour
 a - a +0 robe (worn)
Jewellery
 f - an amulet of guardian spirit
Scrolls
 c - a scroll of poison {unknown}
 d - a scroll of blinking {unknown}
 h - a scroll of immolation {unknown}
 i - a scroll of identify {unknown}
 j - a scroll of fear {unknown}
 k - a scroll of enchant weapon {unknown}
 l - a scroll of teleportation {unknown}
 m - a scroll of noise {unknown}
Potions
 b - 2 potions of magic
 g - a potion of might {unknown}


   Skills:
 + Level 2.7 Dodging
 - Level 2.0 Stealth
 + Level 0.2 Unarmed Combat
 + Level 2.3 Spellcasting
 + Level 2.0 Conjurations
 + Level 5.0 Air Magic


You had 3 spell levels left.
You knew the following spells:

 Your Spells              Type           Power      Damage    Failure   Level
a - Shock                 Conj/Air       56%        1d6       4%          1
b - Static Discharge      Conj/Air       28%        2-4/arc   7%          2

Your spell library contained the following spells:

 Spells                   Type           Power      Damage    Failure   Level
 Swiftness                Air            19%        N/A       7%          3
 Airstrike                Air            9%         2d(2-18)  24%         4


Dungeon Overview and Level Annotations

Branches:
Dungeon (2/15)

Altars:

Annotations:
D:2 Terence


Innate Abilities, Weirdness & Mutations

You have a beak for a mouth.
You have claws for feet.


Message History

You kill the adder!
Your Conjurations skill increases to level 2!
Your Air Magic skill increases to level 5!
Casting: Shock (safe; 4% risk of failure)
Confirm with . or Enter, or press ? or * to list all spells.
Aiming: Shock (safe; 4% risk of failure)
Press: ? - help, Shift-Dir - straight line, f - Terence
Aim: Terence, wielding a +0 hand axe and wearing a +0 scale mail (lightly wounded, 75% to hit)
Okay, then.
The zap misses Terence.
The zap hits Terence but does no damage.
Terence is lightly wounded.
Terence hits you with a +0 hand axe.
The zap misses Terence.
Terence hits you with a +0 hand axe.
You are out of magic!
You hit Terence but do no damage.
Terence is lightly wounded.
Terence barely misses you.
You hit Terence. Your kick misses Terence. You peck Terence, but do no damage.
Terence is lightly wounded.
Terence hits you with a +0 hand axe.
You are too injured to fight recklessly!
You are too injured to fight recklessly!
You are too injured to fight recklessly!
You are too injured to fight recklessly!
You hit Terence but do no damage.
Terence is lightly wounded.
Terence closely misses you.
You hit Terence but do no damage. You claw Terence.
Terence is moderately wounded.
Terence hits you with a +0 hand axe.
* * * LOW HITPOINT WARNING * * *
You barely miss Terence. You claw Terence.
Terence is heavily wounded.
Terence hits you with a +0 hand axe.
* * * LOW HITPOINT WARNING * * *
You hit Terence but do no damage.
Terence is heavily wounded.
Terence hits you with a +0 hand axe!
You die...

##... # #.... .##
##...# ..#
#.....#### #.#
.......#.####.#
..........#.#.#
..............#####
..........#.#..@@.##
......†#.######.#..#
# #.....####
###.##.####.# ##...#
# #...........#..
#....
..#.....#.......# #.
##..
........#.#..##.##
#. ##
#.....>..........#
#.
...........###...#
#.
###.....#######.)#
#.


You could see Terence.

Vanquished Creatures
  An adder (D:2)
  A worm (D:2)
  A dart slug (D:1)
  3 bats
  An endoplasm (D:2)
  2 giant cockroaches
  2 goblins (D:1)
  2 hobgoblins (D:1)
  2 quokkas
  6 ball pythons (D:1)
  A frilled lizard (D:1)
  5 kobolds
  2 rats
29 creatures vanquished.

Notes
Turn   | Place    | Note
-------+----------+-------------------------------------------
     0 | D:1      | Dawnplanks the Tengu Air Elementalist began the quest for
                  | the Orb.
     0 | D:1      | Reached XP level 1. HP: 10/10 MP: 4/4
   172 | D:1      | Reached XP level 2. HP: 15/15 MP: 4/6
   210 | D:1      | Learned a level 2 spell: Static Discharge
  1026 | D:2      | Reached XP level 3. HP: 19/19 MP: 2/7
  1398 | D:2      | Noticed Terence
  1404 | D:2      | Reached skill level 5 in Air Magic
  1421 | D:2      | Slain by Terence

Illustrated notes

Levels and vault maps discovered:
D:1:      minmay_arrival_nine_rooms, layout_loops_ring
D:2:      layout_rooms, chequers_avenue, hex_medium,
          nicolae_figureground_sparkle, uniq_terence

Skill      XL: |  1  2  3 |
---------------+----------+-----
Conjurations   | 2 |  2.0
Air Magic      | 5 |  5.0
Dodging        | |  2.7
Stealth        | |  2.0
Unarmed Combat | |  0.2
Spellcasting   | |  2.3

Action                     || total
---------------------------++-------
  Melee: Unarmed           ||     9
         Kick              ||     7
         Dagger            ||    10
         Peck              ||     1
   Cast: Shock             ||    73
 Armour: Robe              ||     5
  Dodge: Dodged            ||    13

Table legend: (Time is in decaauts)
 A = Elapsed time spent in this place.
 B = Non-inter-level travel time spent in this place.
 C = Inter-level travel time spent in this place.
 D = Time resting spent in this place.
 E = Time spent auto-exploring this place.
 F = Levels seen in this place.
 G = Mean time per level.
                   A        B        C        D        E       F      G
               +--------+--------+--------+--------+--------+-----+--------+
         Total |   1420 |   1396 |     24 |      0 |   1229 |   2 |  710.0 |
       Dungeon |   1420 |   1396 |     24 |      0 |   1229 |   2 |  710.0 |
               +--------+--------+--------+--------+--------+-----+--------+

Top non-repeatable levels by time:
     D:1: 1010 daAuts
     D:2: 409 daAuts
